 Dungeon Crawl Stone Soup version 0.26.1-11-gd32895ea62 (webtiles) character file.

Game seed: 10266149679432254849

539 ytrimaz the Shield-Bearer (level 7, -6/47 (54) HPs)
             Began as a Formicid Fighter on May 2, 2021.
             Was a Believer of Uskayaw.
             Killed by divine providence
             ... invoked by an orc priest
              (10 damage)
             ... on level 4 of the Dungeon.
             The game lasted 00:09:12 (4464 turns).

ytrimaz the Shield-Bearer (Formicid Fighter)        Turns: 4464, Time: 00:09:13

HP:   -6/47 (54)    AC:  7    Str: 23    XL:     7   Next: 51%
MP:   13/16         EV:  8    Int:  7    God:    Uskayaw [**....]
Gold: 196           SH: 11    Dex: 10    Spells: 6/6 levels left

rFire    . . .     SeeInvis +   a - +1 war axe
rCold    + . .     Faith    .   c - +1 kite shield
rNeg     . . .     Spirit   .   b - +0 scale mail
rPois    .         Reflect  .   (helmet unavailable)
rElec    .         Harm     .   (no cloak)
rCorr    .         Rampage  .   (no gloves)
Will     .....                  (no boots)
Stlth    ..........             (no amulet)
HPRegen  0.15/turn              i - ring of magical power
MPRegen  0.15/turn              (no ring)

@: lethally poisoned (-6 -> -9), heavily drained
A: permanent stasis, dig shafts and tunnels, four strong arms, antennae 3, cold
resistance 1, sense surroundings 1
a: Dig, Shaft Self, Renounce Religion, Stomp, Line Pass


You were on level 4 of the Dungeon.
You worshipped Uskayaw.
Uskayaw was noncommittal.
You visited 1 branch of the dungeon, and saw 4 of its levels.

You collected 196 gold pieces.

Inventory:

Hand Weapons
 a - a +1 war axe (weapon)
 o - a +0 dagger of draining
Armour
 b - a +0 scale mail (worn)
 c - a +1 kite shield (worn)
 l - a +1 pair of boots
Jewellery
 i - a ring of magical power (left hand)
Wands
 g - a wand of paralysis (8)
Scrolls
 f - 3 scrolls of remove curse
 j - 4 scrolls of identify
Potions
 d - a potion of might
 h - a potion of mutation
 k - a potion of cancellation


   Skills:
 + Level 4.1 Fighting
 + Level 5.2 Axes
 * Level 5.3 Armour
 + Level 5.4 Shields


You had 6 spell levels left.
You didn't know any spells.
Your spell library was empty.

Dungeon Overview and Level Annotations

Branches:
Dungeon (4/15)
 Temple: D:4-7

Altars:
Dithmenos
Uskayaw
Vehumet


Innate Abilities, Weirdness & Mutations

You cannot be hasted, slowed, berserked, paralysed or teleported.
You can dig through walls and to a lower floor.
Your four strong arms can wield two-handed weapons with a shield.
You have a pair of large antennae on your head. (SInv)
Your flesh is cold resistant. (rC+)
You passively map a small area around you.


Message History

* * * LOW HITPOINT WARNING * * *
The orc priest begins to cast a cantrip, but forgets the words!
You block the adder's attack. The orc wizard casts a spell at you.
The puff of flame hits you!
* * * LOW HITPOINT WARNING * * *
You closely miss the adder.
The adder is heavily wounded.
You hit the worker ant.
You kill the worker ant!
You hit the orc priest. You hit the orc wizard.
You kill the orc wizard!
The orc priest closely misses you. You block the adder's attack.
You closely miss the orc priest. You closely miss the adder.
You closely miss the orc priest.
* * * LOW HITPOINT WARNING * * *
You feel sick. You block the adder's attack.
The orc priest invokes the aid of Beogh against you.
Beogh smites you!
You die...

...####..... ,
...#....... , ...
..........# #. ..#
......>...###. ##..###
...........##.##.....##
......................#
.........#.< #........#
......÷..##.##..o.....#
..........##...o@...#
##..)..)..#....S†...#
.##))..##....#####.##
..#.....###### .#
..)......# , , #
........## , .......##
* , * * .......#.. *
.......#.# , ,{*


You could see 2 orc priests and an adder.

Vanquished Creatures
  A phantom (D:4)
  An ogre (D:4)
  An orc priest (D:3)
  3 orc wizards
  A centaur skeleton (D:3)
  A worker ant (D:4)
  A hound zombie (D:2)
  2 river rats (D:3)
  5 adders
  An ooze (D:4)
  2 worms (D:3)
  A dart slug (D:1)
  4 leopard geckos
  6 orcs
  5 giant cockroaches
  11 goblins
  10 hobgoblins
  15 jackals
  9 kobolds
  A quokka (D:4)
  A ball python (D:3)
  10 bats
  5 frilled lizards
  10 rats
107 creatures vanquished.

Notes
Turn   | Place    | Note
-------+----------+-------------------------------------------
     0 | D:1      | ytrimaz the Formicid Fighter began the quest for the Orb.
     0 | D:1      | Reached XP level 1. HP: 18/18 MP: 1/1
   142 | D:1      | Reached XP level 2. HP: 16/24 MP: 2/2
   780 | D:1      | Reached XP level 3. HP: 24/29 MP: 3/3
  1860 | D:2      | Reached XP level 4. HP: 34/35 MP: 4/4
  2084 | D:2      | Gained mutation: You have large cloven feet. [potion of
                  | mutation]
  2084 | D:2      | Gained mutation: You are clumsy. (Dex -2) [potion of
                  | mutation]
  2084 | D:2      | Gained mutation: You are robust. (+10% HP) [potion of
                  | mutation]
  2085 | D:2      | Lost mutation: You are robust. (+10% HP) [potion of
                  | mutation]
  2085 | D:2      | Lost mutation: You are clumsy. (Dex -2) [potion of
                  | mutation]
  2085 | D:2      | Lost mutation: You have large cloven feet. [potion of
                  | mutation]
  2085 | D:2      | Gained mutation: Your flesh is cold resistant. (rC+)
                  | [potion of mutation]
  2085 | D:2      | Gained mutation: You passively map a small area around you.
                  | [potion of mutation]
  2469 | D:2      | Found a radiant altar of Vehumet.
  2829 | D:3      | Reached XP level 5. HP: 37/41 MP: 5/5
  3105 | D:3      | Noticed a +0 dagger
  3106 | D:3      | Found a hide-covered altar of Uskayaw.
  3106 | D:3      | Noticed a +0 dagger
  3116 | D:3      | Became a worshipper of Uskayaw the Reveller
  3226 | D:3      | Reached * piety under Uskayaw
  3230 | D:3      | Reached XP level 6. HP: 46/48 MP: 6/6
  3251 | D:3      | Reached skill level 5 in Shields
  3276 | D:3      | Reached ** piety under Uskayaw
  3436 | D:3      | Found a shadowy altar of Dithmenos.
  4034 | D:4      | Noticed a phantom
  4051 | D:4      | Killed a phantom
  4051 | D:4      | Reached *** piety under Uskayaw
  4052 | D:4      | Reached XP level 7. HP: 33/53 MP: 7/7
  4066 | D:4      | Reached skill level 5 in Axes
  4066 | D:4      | Reached skill level 5 in Armour
  4075 | D:4      | HP: 2/54 [orc/+0 trident (2)]
  4464 | D:4      | Killed from afar by an orc priest

Illustrated notes

Levels and vault maps discovered:
D:1:      dpeg_arrival_three_same_balls, layout_basic, minmay_distorted
D:2:      layout_loops_ring, general_overflow_altar
D:3:      layout_loops_ring, dancing_weapons_uskayaw, portal_sewer_entry_e,
          grunt_dithmenos_smoke
D:4:      minmay_evil_eye, layout_cave_pools, nzn_hepliaklqana_mist_gate,
          minmay_temple_entry_slanted, kennysheep_dice

Skill      XL: |  1  2  3  4  5  6  7 |
---------------+----------------------+-----
Shields        | 4 5 |  5.4
Axes           | 3 4 5 |  5.2
Armour         | 4 5 |  5.3
Fighting       | 4 |  4.1

Action                   |  1- 3 |  4- 6 |  7- 9 || total
-------------------------+-------+-------+-------++-------
Melee: War axe           |   129 |   198 |    25 ||   352
Invok: Stomp             |       |     3 |     1 ||     4
       Line Pass         |       |       |     2 ||     2
  Use: Scroll            |     7 |     4 |       ||    11
       Potion            |       |     7 |     3 ||    10
 Stab: Confused          |       |       |     1 ||     1
       Paralysed         |       |       |     1 ||     1
Armor: Scale mail        |    77 |    91 |    18 ||   186
Dodge: Dodged            |    51 |    66 |    10 ||   127
Block: Kite shield       |    99 |   141 |    34 ||   274
